 Dungeon Crawl Stone Soup version 0.25-a0-635-g0c6c292ef3 (webtiles) character file.

Game seed: 12572613239344313412, levelgen mode: deterministic

6586 xnihilo the Cleaver (level 11, -3/86 HPs)
             Began as a Formicid Berserker on Mar 20, 2020.
             Was a High Priest of Trog.
             Slain by an orc warrior
             ... wielding a +2 war axe of electrocution
              (12 damage)
             ... on level 9 of the Dungeon.
             The game lasted 01:14:12 (8474 turns).

xnihilo the Cleaver (Formicid Berserker)            Turns: 8474, Time: 01:14:13

Health: -3/86      AC: 13    Str: 25    XL:     11   Next: 21%
Magic:  11/11      EV: 14    Int:  7    God:    Trog [*****.]
Gold:   391        SH:  0    Dex: 10    Spells: 10/10 levels left

rFire    . . .     SeeInvis +   b - +1 war axe (flame)
rCold    . . .     Gourm    .   (no shield)
rNeg     . . .     Faith    .   p - +3 leather armour {MR+}
rPois    +         Spirit   .   (helmet unavailable)
rElec    .         Reflect  .   f - +1 cloak
rCorr    +         Harm     .   m - +0 pair of gloves
MR       ++...                  (no boots)
Stlth    ++........             n - amulet of regeneration
HPRegen  0.64/turn              o - ring of resist corrosion
MPRegen  0.12/turn              (no ring)

@: no status effects
A: permanent stasis, dig shafts and tunnels, four strong arms, antennae 3,
molten scales 1, poison resistance, shaggy fur 1
a: Dig, Shaft Self, Trog's Hand, Brothers in Arms, Renounce Religion


You were on level 9 of the Dungeon.
You worshipped Trog.
Trog was extremely pleased with you.
You were not hungry.

You visited 2 branches of the dungeon, and saw 10 of its levels.

You collected 541 gold pieces.
You spent 150 gold pieces at shops.

Inventory:

Hand Weapons
 b - a +1 war axe of flaming (weapon)
 e - a +2 halberd
 g - a +3 antimagic war axe
 h - a +4 scimitar
Missiles
 j - 75 bolts
Armour
 f - a +1 cloak (worn)
 m - a +0 pair of gloves (worn)
 p - a +3 leather armour of magic resistance (worn)
 y - +0 acid dragon scales
Jewellery
 n - an amulet of regeneration (around neck)
 o - a ring of resist corrosion (left hand)
Wands
 q - a wand of random effects (17)
 u - a wand of scattershot (3)
Scrolls
 r - 2 scrolls of remove curse
Potions
 d - 2 potions of flight
 i - 3 potions of mutation
 k - 6 potions of curing
Comestibles
 c - 14 rations


   Skills:
 + Level 8.2 Fighting
 + Level 11.8(12.0) Axes
 + Level 4.0(8.7) Polearms
 + Level 5.1 Armour
 + Level 5.6 Dodging
 + Level 5.1 Stealth
 + Level 0.4 Evocations


You had 10 spell levels left.
You didn't know any spells.
Your spell library contained the following spells:

 Spells                   Type           Power        Failure   Level  Hunger
 Apportation              Tloc           #.....       45%         1    ##.....
 Infusion                 Chrm           #...         45%         1    ##.....
 Summon Butterflies       Summ           #.......     45%         1    ##.....
 Shroud of Golubria       Chrm/Tloc      #.....       61%         2    ###....
 Song of Slaying          Chrm           #.......     61%         2    ###....
 Lesser Beckoning         Tloc           #.........   83%         3    ####...
 Ozocubu's Armour         Chrm/Ice       #.......     83%         3    ####...
 Spectral Weapon          Hex/Chrm       #.......     83%         3    ####...
 Tukima's Dance           Hex            #.......     83%         3    ####...
 Alistair's Intoxication  Tmut/Pois      #.......     100%        5    ######.
 Invisibility             Hex            #.......     100%        6    #######


Dungeon Overview and Level Annotations

Branches:
Dungeon (9/15)             Temple (1/1) D:5
   Lair: D:8-11         Orc: D:9-12

Altars:
Ashenzari
Cheibriados
Dithmenos
Elyvilon
Fedhas
Gozag
Hepliaklqana
Kikubaaqudgha
Makhleb
Nemelex Xobeh
Okawaru
Qazlal
Ru
Sif Muna
Trog
Uskayaw
Vehumet
Wu Jian
Xom
Yredelemnul
Zin
The Shining One

Shops:
D:7 !


Innate Abilities, Weirdness & Mutations

You cannot be hasted, slowed, berserked, paralysed or teleported.
You can dig through walls and to a lower floor.
Your four strong arms can wield two-handed weapons with a shield.
You have a pair of large antennae on your head. (SInv)
You are partially covered in molten scales. (AC +2)
Your system is resistant to poisons. (rPois)
You are covered in fur. (AC +1)


Message History

The orc warrior hits you but does no damage.
The sky beast hits you but does no damage.
You closely miss the sky beast.
The sky beast is heavily wounded.
You hit the orc warrior but do no damage.
The sky beast barely misses you. The orc warrior closely misses you.
You miss the sky beast.
The sky beast is moderately wounded.
You hit the orc warrior but do no damage.
The sky beast barely misses you. The orc warrior misses you.
You hit the sky beast. You burn the sky beast.
The sky beast is heavily wounded.
You hit the orc warrior. You burn the orc warrior.
The sky beast closely misses you.
You slash the sky beast! You burn the sky beast.
You kill the sky beast!
Trog accepts your kill.
You barely miss the orc warrior.
The orc warrior hits you with a +2 war axe of electrocution!
You die...

#.###...## #.# # #.#
##.## #.# .# # #.#
#.# #.# .# # #.# #.#
#.# .# #.# # #.# #.#
#.# .# #.#####
#.####.#####.# .#
...>...
#..<.........# .# #.#
# ######.##########.#
#.# # #.# #.o@†.# #.#
# #.# #.##### #.#####
#.#
#.#...########......
#)#
#..............#####
#.#
#.......##..........
#.#
#.......##)##...####
#[#
#.......##o#.###.###
#.#######......##..##
##.##
#...)))............#
#...


You could see an orc warrior (invisible).

Vanquished Creatures
  Maggie (D:7)
  Prince Ribbit (D:9)
  A troll (D:9)
  3 hippogriffs
  Duvessa (D:4)
  6 orc warriors (D:9)
  2 black bears
  3 ice beasts
  A phantom (D:6)
  2 necrophages (D:7)
  2 sky beasts
  5 ogres
  3 centaurs
  A big kobold (D:9)
  A gnoll sergeant (D:9)
  4 bullfrogs
  Dowan (D:4)
  An elf skeleton (D:7)
  2 scorpions
  A howler monkey (D:5)
  14 wights
  3 electric eels (D:9)
  5 crimson imps
  3 orc priests (D:9)
  3 hounds
  2 human zombies (D:7)
  A centaur zombie (D:9)
  3 jellies
  10 orc wizards
  A centaur skeleton (D:7)
  A human skeleton (D:7)
  An iguana (D:7)
  8 worker ants
  2 mummies (D:7)
  A hound skeleton (D:5)
  2 worker ant zombies (D:5)
  3 gnolls (D:9)
  7 adders
  2 shadow imps
  3 oozes
  An adder zombie (D:9)
  2 adder skeletons (D:5)
  A worm (D:3)
  3 dart slugs
  7 leopard geckos
  23 orcs
  2 ball pythons
  A giant cockroach (D:4)
  5 goblins
  10 hobgoblins
  9 jackals
  3 quokkas
  6 bats
  4 frilled lizards
  9 kobolds
  A leopard gecko skeleton (D:5)
  A quokka zombie (D:9)
  5 rats
210 creatures vanquished.

Vanquished Creatures (collateral kills)
  A two-headed ogre (D:7)
1 creature vanquished.

Grand Total: 211 creatures vanquished

Notes
Turn   | Place    | Note
-------+----------+-------------------------------------------
     0 | D:1      | xnihilo the Formicid Berserker began the quest for the Orb.
     0 | D:1      | Reached XP level 1. HP: 18/18 MP: 1/1
   244 | D:1      | Reached XP level 2. HP: 23/24 MP: 2/2
   925 | D:1      | Reached XP level 3. HP: 27/30 MP: 3/3
  1466 | D:2      | Gained mutation: Your body sometimes deteriorates upon
                  | taking damage. [potion of mutation]
  1466 | D:2      | Gained mutation: You are surrounded by a mild repulsion
                  | field. (EV +2) [potion of mutation]
  1466 | D:2      | Gained mutation: You are agile. (Dex +2) [potion of
                  | mutation]
  1468 | D:2      | Lost mutation: Your body sometimes deteriorates upon taking
                  | damage. [potion of mutation]
  1468 | D:2      | Lost mutation: You are agile. (Dex +2) [potion of mutation]
  1468 | D:2      | Lost mutation: You are surrounded by a mild repulsion
                  | field. (EV +2) [potion of mutation]
  1468 | D:2      | Gained mutation: You are frail. (-10% HP) [potion of
                  | mutation]
  1468 | D:2      | Gained mutation: You evolve. [potion of mutation]
  1473 | D:2      | Lost mutation: You evolve. [potion of mutation]
  1473 | D:2      | Lost mutation: You are frail. (-10% HP) [potion of
                  | mutation]
  1473 | D:2      | Gained mutation: You are partially covered in molten
                  | scales. (AC +2) [potion of mutation]
  1473 | D:2      | Gained mutation: Your system is resistant to poisons.
                  | (rPois) [potion of mutation]
  1473 | D:2      | Gained mutation: You are covered in fur. (AC +1) [potion of
                  | mutation]
  1825 | D:2      | Reached XP level 4. HP: 37/37 MP: 1/4
  2164 | D:3      | Reached skill level 1 in Axes
  2164 | D:3      | Reached XP level 5. HP: 35/42 MP: 1/5
  2181 | D:3      | Reached ** piety under Trog
  3080 | D:4      | Noticed Duvessa
  3085 | D:4      | Noticed Dowan
  3100 | D:4      | Killed Duvessa
  3100 | D:4      | Reached skill level 2 in Axes
  3100 | D:4      | Reached skill level 1 in Stealth
  3100 | D:4      | Reached XP level 6. HP: 36/49 MP: 2/6
  3110 | D:4      | Killed Dowan
  3110 | D:4      | Reached skill level 3 in Axes
  3173 | D:4      | Found a blossoming altar of Fedhas.
  3257 | D:4      | Reached XP level 7. HP: 42/55 MP: 2/7
  3259 | D:4      | Reached *** piety under Trog
  3475 | D:5      | Entered Level 5 of the Dungeon
  3501 | D:5      | Reached skill level 4 in Axes
  3519 | D:5      | Reached skill level 5 in Fighting
  3711 | D:5      | Found a glowing silver altar of Zin.
  3711 | D:5      | Noticed an angel
  3865 | D:5      | Found a staircase to the Ecumenical Temple.
  3897 | Temple   | Entered the Ecumenical Temple
  4172 | D:5      | Reached skill level 5 in Axes
  4387 | D:5      | Reached XP level 8. HP: 62/62 MP: 2/8
  4415 | D:5      | Reached skill level 6 in Axes
  4817 | D:6      | Reached skill level 7 in Axes
  4908 | D:6      | Identified Sif Muna's Guide on Flames and Necromancy
  4943 | D:6      | Reached **** piety under Trog
  4943 | D:6      | Reached XP level 9. HP: 52/69 MP: 3/9
  5242 | D:7      | Reached skill level 8 in Axes
  5403 | D:7      | Found Diybbofy's Distillery.
  5405 | D:7      | Noticed a two-headed ogre
  5461 | D:7      | Killed a two-headed ogre
  5461 | D:7      | Reached skill level 9 in Axes
  5660 | D:7      | Bought a potion of heal wounds for 75 gold pieces
  5660 | D:7      | Bought a potion of heal wounds for 75 gold pieces
  5908 | D:7      | Noticed Maggie
  5930 | D:7      | Killed Maggie
  5945 | D:7      | Noticed a hippogriff
  5957 | D:7      | Killed a hippogriff
  5957 | D:7      | Reached XP level 10. HP: 29/77 MP: 3/10
  6205 | D:7      | Reached skill level 10 in Axes
  6290 | D:7      | Found an ancient bone altar of Kikubaaqudgha.
  6980 | D:8      | Reached ***** piety under Trog
  6980 | D:8      | Received a gift from Trog
  7450 | D:9      | Noticed Prince Ribbit
  7567 | D:9      | Reached skill level 5 in Dodging
  7597 | D:9      | Killed Prince Ribbit
  7598 | D:9      | Reached skill level 11 in Axes
  7764 | D:9      | Reached skill level 5 in Stealth
  7907 | D:9      | Reached XP level 11. HP: 85/85 MP: 11/11
  7959 | D:9      | Reached skill level 5 in Armour
  8474 | D:9      | Slain by an orc warrior

Levels and vault maps discovered:
D:1:      noname_arrival_rooms_in_the_neighbourhood, layout_basic
D:2:      layout_basic, first_ration
D:3:      layout_loops_corners, hangedman_decor_push
D:4:      layout_rooms, fedhas_altar_1, uniq_duvessa
D:5:      layout_loops_ring, zin_angel, minmay_temple_entry_slanted,
          hangedman_abyss_or_decor_stabs, hangedman_abyss_or_decor_lesser_grid
D:6:      layout_cave_pools
D:7:      layout_basic, serial_shops, shop_coins, grunt_ogre_cave,
          lemuel_mausoleum_altar_kikubaaqudgha, uniq_maggie
D:8:      layout_loops_ring
D:9:      layout_loops_ring, erik_orc_2, uniq_prince_ribbit1
Temple:   nicolae_temple_the_god_donut

Skill      XL: |  1  2  3  4  5  6  7  8  9 10 11 |
---------------+----------------------------------+-----
Dodging        | 2 3 4 5 |  5.6
Fighting       | 4 5 6 7 8 |  8.2
Axes           | 1 2 3 5 7 9 11 | 11.8
Polearms       | 4 |  4.0
Stealth        | 1 3 4 5 |  5.1
Armour         | 3 4 5 |  5.1
Evocations     | |  0.4

Action                   |  1- 3 |  4- 6 |  7- 9 | 10-12 || total
-------------------------+-------+-------+-------+-------++-------
Melee: Spear             |    66 |       |       |       ||    66
       War axe           |     9 |   110 |   250 |   362 ||   731
Evoke: Wand              |       |       |     2 |     2 ||     4
  Use: Scroll            |     8 |     6 |     7 |     7 ||    28
       Potion            |     6 |     4 |     6 |     6 ||    22
 Stab: Paralysed         |       |       |     4 |       ||     4
       Sleeping          |       |       |     1 |     4 ||     5
  Eat: Ration            |     1 |     1 |     2 |     3 ||     7
       Chunk             |       |     2 |       |       ||     2
Armor: Leather armour    |    19 |    47 |   100 |   114 ||   280
       Animal skin       |     3 |       |       |       ||     3
Dodge: Dodged            |    30 |   100 |   131 |   199 ||   460

Table legend:
 A = Non-vault XP
 B = Vault XP
 C = Vault XP percentage of total XP
 D = Non-vault monster count
 E = Vault monster count
 F = Vault count percentage of total count
                 A         B        C        D         E       F
            +---------+---------+-------+---------+---------+-------
      Total |    6884 |    2525 |  26.8 |     179 |      32 |  15.2
            +---------+---------+-------+---------+---------+-------
        D:1 |      33 |       0 |   0.0 |      16 |       0 |   0.0
        D:2 |      36 |       0 |   0.0 |      12 |       0 |   0.0
        D:3 |     141 |       0 |   0.0 |      24 |       0 |   0.0
        D:4 |     159 |     223 |  58.4 |      18 |       2 |  10.0
        D:5 |     708 |       0 |   0.0 |      27 |       0 |   0.0
        D:6 |     804 |       0 |   0.0 |      10 |       0 |   0.0
        D:7 |    1941 |    1177 |  37.7 |      21 |      14 |  40.0
        D:8 |     468 |       0 |   0.0 |      14 |       0 |   0.0
        D:9 |    2594 |    1125 |  30.3 |      37 |      16 |  30.2
            +---------+---------+-------+---------+---------+-------
